[Event "15e Open International d'Echecs Mont de Marsan"]
[Site "Mont de Marsan, France"]
[Date "????.??.??"]
[Round "1.2"]
[White "PENG LI, MIN"]
[Black "GOGUELY, PIERRE"]
[Result "1-0"]
[TimeControl "60 minutes + 30 secondes per move"]
[WhiteTitle "IM"]
[WhiteElo "2442"]
[BlackElo "1840"]

1. Nf3 c5 2. g3 e6 3. Bg2 Nf6 4. O-O Be7 5. c4 Nc6 6. d4 cxd4 7. Nxd4 O-O 8. Nc3 d5 9. cxd5 exd5 10.
b3 Re8 11. Bb2 Bf8 12. Rc1 Bg4 13. h3 Bh5 14. Nf3 Rc8 15. a3 a6 16. e3 d4 17. exd4 Bxf3 18. Bxf3 Nxd4 19. Bg2 Bxa3 20.
Bxa3 Rxc3 21. Rxc3 Ne2+ 22. Kh2 Nxc3 23. Qxd8 Rxd8 24. Bxb7 h6 25. Bc5 Rb8 26. Bxa6 Rxb3 27. Rc1 Nce4 28. Be3 Rb2 29. Rc8+ Kh7 30.
Bd3 g6 31. Bxe4 Nxe4 32. Bd4 Rxf2+ 33. Kg1 Rf6 34. Re8 Nd6 35. Rd8 Ne4 36. Bxf6 Nxf6 1-0

[Event "15e Open International d'Echecs Mont de Marsan"]
[Site "Mont de Marsan, France"]
[Date "????.??.??"]
[Round "1.1"]
[White "COSTA, CLEMENT"]
[Black "PRIE, ERIC"]
[Result "0-1"]
[TimeControl "60 minutes + 30 secondes per move"]
[BlackTitle "GM"]
[WhiteElo "1647"]
[BlackElo "2482"]

1. e4 d5 2. exd5 Qxd5 3. Nc3 Qa5 4. d4 Nf6 5. Bd2 c6 6. Bc4 Bf5 7. Nf3 Nbd7 8. O-O Qc7 9. Re1 e6 10.
Bg5 O-O-O 11. a3 Bd6 12. b4 h6 13. Bh4 Bg4 14. Bg3 Bxg3 15. fxg3 h5 16. Qd2 h4 17. Nxh4 Rh5 18. b5 Nb6 19.
Bf1 c5 20. Qf2 Rxd4 21. Nf3 Rd8 22. Ne4 Rdh8 23. Nxf6 gxf6 24. Nh4 Nd7 25. Be2 Bxe2 26. Rxe2 f5 27. Rf1 Nf6 28. Qf4 Rd8 29.
Qxc7+ Kxc7 30. Nf3 Ne4 31. g4 fxg4 32. Rxe4 gxf3 33. Rxf3 Rh7 34. h3 Kb6 35. a4 Rd1+ 36. Kf2 Rd2+ 37.
Re2 Rd4 38. Ra3 Ka5 39. Re5 b6 40. Kf3 Rxa4 41. Rxa4+ Kxa4 42. c4 Kb4 43. Re4 f5 44. Rxe6 Kxc4 45. Re5 Kxb5 46. Rxf5 a5 47.
Ke2 a4 48. Rf3 Kb4 49. Kd2 a3 50. Kc2 c4 51. g4 Re7 52. Rf2 Re1 53. Kd2 Rh1 0-1

[Event "15e Open International d'Echecs Mont de Marsan"]
[Site "Mont de Marsan, France"]
[Date "????.??.??"]
[Round "1.3"]
[White "ASTRUC, IBAN"]
[Black "BERNAL MORO, LUIS JAVIER"]
[Result "0-1"]
[TimeControl "60 minutes + 30 secondes per move"]
[BlackTitle "IM"]
[WhiteElo "1628"]
[BlackElo "2418"]

1. c4 g6 2. Nc3 Bg7 3. g3 c5 4. Bg2 Nc6 5. Nf3 e5 6. d3 d6 7. O-O Nge7 8. a3 O-O 9. Rb1 a5 10.
Ne1 Be6 11. Nc2 d5 12. cxd5 Nxd5 13. Ne3 Nb6 14. b3 Rb8 15. Nc4 Nd5 16. Bd2 Nde7 17. Nb5 b6 18. Bc3 Qd7 19. Re1 Nd4 20.
Nxd4 cxd4 21. Bd2 Nd5 22. Rc1 Rfc8 23. Rc2 a4 24. b4 b5 25. Na5 Nc3 26. Bxc3 dxc3 27. Qb1 Rc7 28. Rec1 Rbc8 29.
h4 Bh6 30. Rd1 Bd2 31. Bf3 h6 32. Kh1 g5 33. hxg5 hxg5 34. Kg1 Kg7 35. Bg2 Rh8 36. Bf3 Bd5 37. e4 Be6 38. Be2 Bg4 39.
Bf1 Bf3 40. Bg2 Bxg2 41. Kxg2 Qh3+ 42. Kf3 g4+ 43. Ke2 Qg2 0-1

[ePGN "0.1;DGT LiveChess/2.2.3"]

[Event "15e Open International d'Echecs Mont de Marsan"]
[Site "Mont de Marsan, France"]
[Date "????.??.??"]
[Round "2.3"]
[White "BERNAL MORO, LUIS JAVIER"]
[Black "BUSSACCHINI, MICHEL"]
[Result "1-0"]
[TimeControl "60 minutes + 30 secondes per move"]
[WhiteTitle "IM"]
[WhiteElo "2418"]
[BlackElo "1897"]

1. c4 e6 2. g3 f5 3. Bg2 Nf6 4. Nf3 c6 5. O-O d5 6. d3 Nbd7 7. Nc3 Bb4 8. cxd5 Nxd5 9. Bg5 Be7 10.
Bd2 Bf6 11. d4 N7b6 12. Re1 O-O 13. e4 Nxc3 14. bxc3 g6 15. Bh6 Re8 16. h4 fxe4 17. Nd2 e5 18. Nxe4 Bh8 19. Ng5 1-0

[Event "15e Open International d'Echecs Mont de Marsan"]
[Site "Mont de Marsan, France"]
[Date "????.??.??"]
[Round "2.2"]
[White "FERNANDEZ, LEON"]
[Black "PENG LI, MIN"]
[Result "0-1"]
[TimeControl "60 minutes + 30 secondes per move"]
[BlackTitle "IM"]
[WhiteElo "1931"]
[BlackElo "2442"]

1. e4 g6 2. d4 Bg7 3. Nc3 d6 4. f4 a6 5. a4 Nf6 6. Nf3 c5 7. dxc5 Qa5 8. Bd3 Qxc5 9. Qe2 O-O 10.
Qe3 Qc7 11. O-O Nc6 12. Kh1 Nb4 13. Bd2 Be6 14. Rfc1 Rfc8 15. Qe2 Qd8 16. Nd1 Nc6 17. Bc3 Rab8 18. Ne3 Nh5 19. f5 Bxc3 20.
bxc3 Bd7 21. Qd2 Nf6 22. Qe1 Qa5 23. Rcb1 Ne5 24. Nxe5 Qxe5 25. Nc4 Qc5 26. Nb6 Rc6 27. a5 Qxc3 28.
Qxc3 Rxc3 29. Nxd7 Nxd7 30. fxg6 hxg6 31. Kg1 Nc5 32. Rd1 Kg7 33. Rab1 Kf6 34. Kf2 Rh8 35. h3 Rh4 36. Rb4 Ke5 37.
g3 Rxh3 38. Kg2 Rh7 39. Rd2 Ra3 40. Kf3 Rxa5 41. Bc4 Ra3+ 42. Bd3 b5 43. Rd1 Rh2 0-1

[Event "15e Open International d'Echecs Mont de Marsan"]
[Site "Mont de Marsan, France"]
[Date "????.??.??"]
[Round "2.1"]
[White "PRIE, ERIC"]
[Black "JOIN, ETIENNE"]
[Result "1-0"]
[TimeControl "60 minutes + 30 secondes per move"]
[WhiteTitle "GM"]
[WhiteElo "2482"]
[BlackElo "1934"]

1. d4 f5 2. Bg5 g6 3. Nc3 Bg7 4. h4 h6 5. Bf4 d6 6. e4 fxe4 7. Nxe4 e5 8. dxe5 dxe5 9. Qxd8+ Kxd8 10.
O-O-O+ Ke8 11. Bg3 Ne7 12. Nf3 Nbc6 13. Bc4 Bg4 14. Nc5 Rd8 15. Rxd8+ Nxd8 16. Nxe5 Bxe5 17. Bxe5 Rf8 18. f3 Rf5 19.
Nd3 1-0

[ePGN "0.1;DGT LiveChess/2.2.3"]

[Event "15e Open International d'Echecs Mont de Marsan"]
[Site "Mont de Marsan, France"]
[Date "????.??.??"]
[Round "3.2"]
[White "PENG LI, MIN"]
[Black "ROSELLE, TRISTAN"]
[Result "1-0"]
[TimeControl "60 minutes + 30 secondes per move"]
[WhiteTitle "IM"]
[WhiteElo "2442"]
[BlackElo "2155"]

1. e4 e5 2. Nf3 Nc6 3. Bb5 a6 4. Bxc6 dxc6 5. O-O Bg4 6. h3 h5 7. d3 Qf6 8. Nbd2 Ne7 9. Re1 Ng6 10.
d4 Bxf3 11. Nxf3 exd4 12. e5 Qe7 13. Ng5 O-O-O 14. Qf3 Rg8 15. Nxf7 Re8 16. Ng5 Kb8 17. Qxh5 Nh8 18. Qh7 1-0

[Event "15e Open International d'Echecs Mont de Marsan"]
[Site "Mont de Marsan, France"]
[Date "????.??.??"]
[Round "3.3"]
[White "BAREYRE, PATRICK"]
[Black "BERNAL MORO, LUIS JAVIER"]
[Result "1/2-1/2"]
[TimeControl "60 minutes + 30 secondes per move"]
[BlackTitle "IM"]
[WhiteElo "2134"]
[BlackElo "2418"]

1. d4 Nf6 2. Nf3 g6 3. Nbd2 Bg7 4. e4 O-O 5. e5 Nd5 6. Bc4 Nb6 7. Bb3 d6 8. Qe2 Nc6 9. c3 dxe5 10.
dxe5 Bf5 11. e6 f6 12. Ne4 Na5 13. Nd4 Bxe4 14. Qxe4 f5 15. Qh4 Bxd4 16. cxd4 Nxb3 17. axb3 Qd6 18.
O-O Qxe6 19. Bf4 Nd5 20. Rfe1 Qd7 21. Be5 Rf7 22. Qh6 f4 23. b4 Qg4 24. Ra3 Qh5 25. Qxh5 gxh5 26. b5 Rf5 27.
Rea1 Kf7 28. Rxa7 Rxa7 29. Rxa7 b6 30. Ra8 f3 31. Rh8 Nf6 32. Rc8 Ng4 33. Bxc7 Rxb5 34. Rb8 Rxb2 35. Rxb6 Rc2 36.
Bf4 fxg2 37. Bg3 Rd2 38. Rb4 Nh6 39. Kxg2 Nf5 40. Be5 Rd3 41. Kf1 Ke6 42. Ke2 Ra3 43. Rb6+ Kd5 44. Rb7 Ke4 45.
Rb4 h4 46. Bh8 Ra2+ 47. Kf1 Ra3 48. Ke2 Ra2+ 49. Kf1 h3 50. Rb3 Ra1+ 51. Ke2 Ra2+ 52. Kf1 Ra1+ 1/2-1/2

[Event "15e Open International d'Echecs Mont de Marsan"]
[Site "Mont de Marsan, France"]
[Date "????.??.??"]
[Round "3.1"]
[White "LLANEZA VEGA, PATRICIA"]
[Black "PRIE, ERIC"]
[Result "0-1"]
[TimeControl "60 minutes + 30 secondes per move"]
[WhiteTitle "WIM"]
[BlackTitle "GM"]
[WhiteElo "2165"]
[BlackElo "2482"]

1. e4 c6 2. d4 d5 3. Nc3 dxe4 4. Nxe4 Nf6 5. Nxf6+ exf6 6. c3 Bd6 7. Bd3 O-O 8. Ne2 Qc7 9.
h3 Re8 10. O-O Nd7 11. f4 c5 12. Kh1 c4 13. Bc2 Nb6 14. Ng3 Bd7 15. Ne4 f5 16. Ng5 f6 17. Nf3 Nd5 18. Nh4 g6 19.
Qf3 Bc6 20. Qf2 Re7 21. Bd2 Rae8 22. Rae1 Rxe1 23. Rxe1 Rxe1+ 24. Qxe1 Bxf4 25. Qe6+ Kf8 26. Be1 Qe7 27. Qxe7+ Kxe7 28.
Nf3 Ne3 29. Bb1 Be4 30. Bxe4 fxe4 31. Ng1 Nc2 0-1

[ePGN "0.1;DGT LiveChess/2.2.3"]

[Event "15e Open International d'Echecs Mont de Marsan"]
[Site "Mont de Marsan, France"]
[Date "????.??.??"]
[Round "4.3"]
[White "BOGDANOV, EGOR"]
[Black "MARIETTE, LUCAS"]
[Result "1/2-1/2"]
[TimeControl "60 minutes + 30 secondes per move"]
[WhiteTitle "IM"]
[WhiteElo "2410"]
[BlackElo "2195"]

1. e4 e5 2. Nf3 Nc6 3. Bb5 f5 4. Nc3 fxe4 5. Nxe4 Nf6 6. Nxf6+ Qxf6 7. Qe2 Be7 8. Bxc6 dxc6 9. Qxe5 O-O 10.
Qxf6 Bxf6 11. O-O Bg4 12. d3 Rae8 13. Be3 Bxf3 14. gxf3 Be5 15. Rae1 b6 16. c3 Bd6 17. f4 Bxf4 18.
Bxf4 Rxe1 19. Rxe1 Rxf4 20. Re6 c5 21. Kg2 Rf7 22. Kg3 Rd7 23. Re3 Kf7 24. Kf4 Rd5 25. h4 Kf6 26. Kg4 1/2-1/2

[Event "15e Open International d'Echecs Mont de Marsan"]
[Site "Mont de Marsan, France"]
[Date "????.??.??"]
[Round "4.1"]
[White "PRIE, ERIC"]
[Black "ETCHEGARAY, PATRICE"]
[Result "1-0"]
[TimeControl "60 minutes + 30 secondes per move"]
[WhiteTitle "GM"]
[BlackTitle "IM"]
[WhiteElo "2482"]
[BlackElo "2325"]

1. d4 Nf6 2. Bf4 e6 3. e3 c5 4. c3 Nc6 5. Nd2 d5 6. Ngf3 cxd4 7. exd4 Nh5 8. Be3 Bd6 9. Ne5 g6 10.
Nd3 Ng7 11. f4 Nf5 12. Bf2 f6 13. Nf3 O-O 14. Be2 Qc7 15. g3 Na5 16. O-O Nc4 17. Qc1 Bd7 18. a4 Na5 19. Bd1 b6 20.
Re1 Rae8 21. Bc2 Nc4 22. Re2 Be7 23. Be1 Nfd6 24. Nf2 Nf7 25. b3 Na5 26. Rb1 Bd6 27. Qd1 Bc6 28. Ng4 Kg7 29.
Qd3 Qd7 30. Ra1 b5 31. b4 Nc4 32. a5 Nb2 33. Qd2 Nc4 34. Qd1 Bb8 35. Bf2 e5 36. Nxf6 Kxf6 37. dxe5+ Kg7 38. Bc5 Nd8 39.
Bxf8+ Rxf8 40. Nd4 a6 41. e6 Qe7 42. Nxc6 Nxc6 43. Qxd5 Ba7+ 44. Kg2 Qc7 45. Qd7+ Qxd7 46. exd7 Rd8 47.
Kf3 Rxd7 48. Rd1 Rxd1 49. Bxd1 Kf6 50. Bb3 Ne7 51. Bxc4 bxc4 52. Re4 h5 53. Rxc4 Ke6 54. Re4+ Kd6 55.
Ke2 Bg1 56. Kf1 Ba7 57. Ke1 Bg1 58. Re2 Nf5 59. Kd2 h4 60. g4 Ne7 61. c4 h3 62. Kc3 Nc6 63. Rd2+ Kc7 64. Rd3 Bxh2 65.
Rxh3 Bxf4 66. Rh7+ Kd6 67. b5 Nb8 68. Rb7 Kc5 69. bxa6 Be5+ 70. Kd3 1-0

[Event "15e Open International d'Echecs Mont de Marsan"]
[Site "Mont de Marsan, France"]
[Date "????.??.??"]
[Round "4.2"]
[White "LEMEAUX, DAVID"]
[Black "PENG LI, MIN"]
[Result "0-1"]
[TimeControl "60 minutes + 30 secondes per move"]
[WhiteTitle "FM"]
[BlackTitle "IM"]
[WhiteElo "2239"]
[BlackElo "2442"]

1. d4 Nf6 2. Nf3 g6 3. g3 Bg7 4. Bg2 O-O 5. O-O d5 6. c4 dxc4 7. Na3 Nc6 8. Nxc4 Be6 9. b3 a5 10.
a4 Bd5 11. Bb2 Qb8 12. Rc1 Rd8 13. Nfe5 Bxg2 14. Kxg2 Nb4 15. Qe1 Qa7 16. Nxa5 Qxa5 17. Rc5 Qa6 18. Qxb4 Qxe2 19. Qc4 Qxb2 20.
Qxf7+ Kh8 21. Qe6 Rf8 22. Rxc7 Ne4 23. Nxg6+ hxg6 24. Qxe4 Qxb3 25. Rxb7 Qxa4 26. Qh4+ Kg8 27. Qxe7 Qc6+ 28.
Kg1 Qf6 29. Qe4 Rae8 30. Qg4 Re1 31. f3 Rxf1+ 0-1

[ePGN "0.1;DGT LiveChess/2.2.3"]

[Event "15e Open International d'Echecs Mont de Marsan"]
[Site "Mont de Marsan, France"]
[Date "????.??.??"]
[Round "5.2"]
[White "MAHIEU, LUC"]
[Black "BERNAL MORO, LUIS JAVIER"]
[Result "0-1"]
[TimeControl "60 minutes + 30 secondes per move"]
[BlackTitle "IM"]
[WhiteElo "1962"]
[BlackElo "2418"]

1. e4 c5 2. Nf3 d6 3. d4 cxd4 4. Nxd4 Nf6 5. Nc3 Nc6 6. Bg5 e6 7. Qd2 Be7 8. O-O-O O-O 9. f4 h6 10.
Bh4 e5 11. Nxc6 bxc6 12. fxe5 dxe5 13. Qxd8 Rxd8 14. Bc4 Bg4 15. Rxd8+ Bxd8 16. Bg3 Bc7 17. Rf1 Kf8 18. h3 Bd7 19.
Rd1 Be8 20. Bh4 Ke7 21. Be2 Bb6 22. Bxf6+ Kxf6 23. Bg4 Rd8 24. Rxd8 Bxd8 25. Kd2 Kg5 26. Ke3 Bb6+ 27. Kf3 h5 28.
Bc8 h4 29. Na4 Bg1 30. b4 f6 31. Nc5 Bh5+ 32. Bg4 Bxg4+ 33. hxg4 Bxc5 34. bxc5 g6 35. a4 a5 36. c3 f5 37.
gxf5 gxf5 38. exf5 Kxf5 39. Ke3 e4 40. Kd4 Kf4 41. c4 e3 42. Kd3 h3 43. Kd4 Ke5+ 0-1

[Event "15e Open International d'Echecs Mont de Marsan"]
[Site "Mont de Marsan, France"]
[Date "????.??.??"]
[Round "5.3"]
[White "JEREZ PEREZ, ALFONSO"]
[Black "BOGDANOV, EGOR"]
[Result "1/2-1/2"]
[TimeControl "60 minutes + 30 secondes per move"]
[WhiteTitle "IM"]
[BlackTitle "IM"]
[WhiteElo "2418"]
[BlackElo "2410"]

1. e4 c5 2. Nf3 d6 3. Bb5+ Nd7 4. a4 a6 5. Bc4 Ngf6 6. Nc3 b6 7. O-O Bb7 8. Re1 Ne5 9. Nxe5 dxe5 10.
d3 e6 11. f4 exf4 12. Bxf4 Be7 13. Qf3 O-O 14. Rf1 Bc6 15. Qh3 Nxe4 16. Nxe4 Bxe4 17. Bxe6 Bg6 18. Bc4 Bf6 19. c3 b5 20.
axb5 axb5 21. Rxa8 Qxa8 22. Bxb5 Qa2 23. Bc1 Rd8 24. Qf3 Qb3 25. Bc4 Qc2 26. Qe3 Bxd3 27. Bxd3 Qxd3 28. Qxc5 Re8 29.
Qf2 h6 30. Re1 Rxe1+ 31. Qxe1 Qb1 32. Kf1 Kh7 33. g3 Qc2 34. Qd2 Qe4 35. Qf2 Qh1+ 36. Qg1 Qf3+ 37. Qf2 Qh1+ 38. Qg1 Qf3+ 1/2-1/2

[Event "15e Open International d'Echecs Mont de Marsan"]
[Site "Mont de Marsan, France"]
[Date "????.??.??"]
[Round "5.1"]
[White "PENG LI, MIN"]
[Black "PRIE, ERIC"]
[Result "1/2-1/2"]
[TimeControl "60 minutes + 30 secondes per move"]
[WhiteTitle "IM"]
[BlackTitle "GM"]
[WhiteElo "2442"]
[BlackElo "2482"]

1. e4 d5 2. exd5 Qxd5 3. Nc3 Qa5 4.
d4 Nf6 5. Nf3 Bf5 6. Ne5 c6 7. Bc4 e6 8. g4 Bg6 9. h4 Nbd7 10. Nxd7 Nxd7 11. h5 Be4 12. O-O Bd5 13. Nxd5 cxd5 14.
Bd3 g6 15. h6 Bd6 16. c3 O-O-O 17. f4 Kb8 18. Bd2 Rc8 19. Qe2 Qd8 20. Kg2 Re8 21. Rae1 f6 22. Bb5 a6 23. Ba4 Re7 24.
Qf3 Nb6 25. Bb3 Nc4 26. Bc1 Re8 27. Rf2 Qd7 28. Rfe2 Ka8 29. Kf1 Bb8 30. Rd1 Nd6 31. Ke1 f5 32. g5 Ne4 33. a3 Bd6 34.
Re3 Re7 35. Bc2 Qc7 36. Red3 Qb6 37. Kf1 Rec7 38. Kg2 Ka7 1/2-1/2

[ePGN "0.1;DGT LiveChess/2.2.3"]

[Event "15e Open International d'Echecs Mont de Marsan"]
[Site "Mont de Marsan, France"]
[Date "????.??.??"]
[Round "6.3"]
[White "ROSELLE, TRISTAN"]
[Black "JEREZ PEREZ, ALFONSO"]
[Result "1/2-1/2"]
[TimeControl "60 minutes + 30 secondes per move"]
[BlackTitle "IM"]
[WhiteElo "2155"]
[BlackElo "2418"]

1. e4 e6 2. d4 d5 3. Nd2 c5 4. exd5 exd5 5. Ngf3 Nf6 6. Bb5+ Bd7 7. Bxd7+ Nbxd7 8. O-O Be7 9. c4 O-O 10.
cxd5 Nxd5 11. dxc5 Nxc5 12. Nb3 Ne6 13. Nbd4 Nxd4 14. Qxd4 Bf6 15. Qa4 Qb6 16. Bd2 Rac8 17. Rab1 a6 18.
Rfd1 Qe6 19. Qb3 Nb6 20. Qxe6 fxe6 21. Re1 Kf7 22. Ng5+ Bxg5 23. Bxg5 Rc2 24. Rec1 Rfc8 25. Rxc2 Rxc2 26.
Be3 Nc4 27. Bd4 b5 28. h3 b4 29. b3 e5 30. Ba7 Nd2 31. Ra1 Ke6 32. Be3 Kd5 1/2-1/2

[Event "15e Open International d'Echecs Mont de Marsan"]
[Site "Mont de Marsan, France"]
[Date "????.??.??"]
[Round "6.2"]
[White "PRIE, ERIC"]
[Black "BOGDANOV, EGOR"]
[Result "0-1"]
[TimeControl "60 minutes + 30 secondes per move"]
[WhiteTitle "GM"]
[BlackTitle "IM"]
[WhiteElo "2482"]
[BlackElo "2410"]

1. d4 Nf6 2. Bf4 g6 3. Nc3 d5 4. e3 Bg7 5. h4 h5 6. Nf3 O-O 7. Qd2 a6 8. O-O-O b5 9. Ne5 b4 10.
Ne2 Ne4 11. Qe1 c5 12. f3 Qa5 13. fxe4 Qxa2 14. exd5 Nd7 15. e4 a5 16. Kd2 Nxe5 17. dxe5 a4 18. Ra1 Qxb2 19. Qc1 Bxe5 20.
Qxb2 Bxb2 21. Ra2 a3 22. Nc1 Rd8 23. Nb3 e6 24. Bc7 Rd7 25. d6 Ra7 26. Ke3 Raxc7 27. dxc7 Bc3 28. Bc4 Rxc7 29.
Rd1 Kg7 30. g3 Be5 31. Kf3 f5 32. exf5 Bb7+ 33. Kf2 exf5 34. Bd5 Bc8 35. c4 Bd7 36. Rd3 Ba4 37. Bf3 Bxb3 38. Rxb3 Rd7 39.
Bd5 Bd4+ 40. Ke2 Re7+ 41. Kd1 Kf6 42. Rd3 Re3 43. Rxe3 Bxe3 44. Bc6 Bd4 45. Ke2 Ke5 46. Ba4 Bb2 47.
Kd3 f4 48. gxf4+ Kxf4 49. Bd1 Kg3 50. Ke4 Kxh4 51. Kd5 Bd4 52. Rg2 g5 53. Ke4 Kh3 54. Rxg5 a2 55. Rxh5+ Kg3 56. Rg5+ Kf2 0-1

[Event "15e Open International d'Echecs Mont de Marsan"]
[Site "Mont de Marsan, France"]
[Date "????.??.??"]
[Round "6.1"]
[White "BERNAL MORO, LUIS JAVIER"]
[Black "PENG LI, MIN"]
[Result "1/2-1/2"]
[TimeControl "60 minutes + 30 secondes per move"]
[WhiteTitle "IM"]
[BlackTitle "IM"]
[WhiteElo "2418"]
[BlackElo "2442"]

1. c4 g6 2. e4 Bg7 3. d4 d6 4. Ne2 e5 5. d5 a5 6. Nec3 Bd7 7. Be2 Qh4 8. g3 Qe7 9. h4 h5 10.
Nd2 Na6 11. Nf3 Bh6 12. Bxh6 Nxh6 13. Qd2 Nc5 14. O-O-O Ng4 15. Rhf1 Nf6 16. Qe3 Ng4 17. Qd2 Nf6 18. Qe3 Ng4 1/2-1/2

[ePGN "0.1;DGT LiveChess/2.2.3"]

[Event "15e Open International d'Echecs Mont de Marsan"]
[Site "Mont de Marsan, France"]
[Date "????.??.??"]
[Round "7.1"]
[White "PENG LI, MIN"]
[Black "JACKSON, THOMAS"]
[Result "1/2-1/2"]
[TimeControl "60 minutes + 30 secondes per move"]
[WhiteTitle "IM"]
[WhiteElo "2442"]
[BlackElo "2121"]

1. e4 c5 2. Nc3 e6 3. g3 d5 4. exd5 exd5 5. Bg2 Nf6 6. d3 Be7 7. Nge2 Nc6 8. O-O O-O 9. Nf4 Bg4 10.
Qd2 d4 11. Ncd5 Ne5 12. Nxf6+ Bxf6 13. f3 Bf5 14. g4 Bd7 15. Ne2 h6 16. h3 Bc6 17. Ng3 c4 18. f4 c3 19. Qf2 Bxg2 20.
Qxg2 Nc6 21. bxc3 dxc3 22. Rb1 Qc7 23. Be3 Rfe8 24. Ne4 Bd4 25. Bxd4 Nxd4 26. Rb4 Rad8 27. Qf2 Rxe4 28. dxe4 1/2-1/2

[Event "15e Open International d'Echecs Mont de Marsan"]
[Site "Mont de Marsan, France"]
[Date "????.??.??"]
[Round "7.2"]
[White "BOGDANOV, EGOR"]
[Black "BERNAL MORO, LUIS JAVIER"]
[Result "1/2-1/2"]
[TimeControl "60 minutes + 30 secondes per move"]
[WhiteTitle "IM"]
[BlackTitle "IM"]
[WhiteElo "2410"]
[BlackElo "2418"]

1. e4 c5 2. c3 d5 3. exd5 Qxd5 4.
d4 Nf6 5. Nf3 e6 6. Be2 Be7 7. O-O O-O 8. Be3 Ng4 9. Bf4 Nc6 10. h3 Nf6 11. Ne5 cxd4 12. Nxc6 Qxc6 13. Qxd4 Rd8 14.
Qc4 Qxc4 15. Bxc4 Bd7 16. Nd2 Ba4 17. Bb3 Bxb3 18. Nxb3 Rac8 19. Rad1 Nd5 20. Bg3 f6 21. Rd2 Nb6 22.
Rxd8+ Rxd8 23. Bc7 Rd5 24. Bxb6 axb6 25. Re1 Kf7 26. Kf1 e5 27. Ke2 Ke6 28. Nd2 b5 29. a3 Bc5 30. Nb3 Bb6 31.
Na1 e4 32. Nc2 f5 33. f3 Re5 34. fxe4 Rxe4+ 35. Kd3 Rxe1 36. Nxe1 Ke5 37. g3 Bf2 38. Nf3+ Kd5 39. g4 fxg4 40.
hxg4 h6 41. b3 Bc5 42. a4 bxa4 43. c4+ Ke6 1/2-1/2

[Event "15e Open International d'Echecs Mont de Marsan"]
[Site "Mont de Marsan, France"]
[Date "????.??.??"]
[Round "7.3"]
[White "BAREYRE, PATRICK"]
[Black "PRIE, ERIC"]
[Result "0-1"]
[TimeControl "60 minutes + 30 secondes per move"]
[BlackTitle "GM"]
[WhiteElo "2134"]
[BlackElo "2482"]

1. d4 Nf6 2. Bg5 d5 3. Nd2 c5 4. dxc5 e6 5. e4 Bxc5 6. Bd3 Qb6 7. Nh3 dxe4 8. Bxe4 Nxe4 9. Nxe4 Qb4+ 10.
Kf1 O-O 11. Qe1 Qb5+ 12. Kg1 e5 13. a4 Qc6 14. b4 Bb6 15. Ra3 Bf5 16. Ng3 Bg6 17. a5 Bc7 18. Be3 Bd6 19. c3 Nd7 20.
Ng5 f5 21. Bc1 Rae8 22. Qd1 a6 23. h4 f4 24. Nf1 h6 25. h5 Bf5 26. Qb3+ Kh8 27. Nf7+ Kh7 28. Nxd6 Qxd6 29. Ra1 Bd3 30.
Ba3 Qc7 31. Rh3 e4 32. Rd1 Ne5 33. Nh2 Rf5 34. Bc1 Be2 35. Rd4 Bd3 36. Rh4 Nc6 37. Rd5 Qf7 38. c4 Rxd5 39. cxd5 Nd4 40.
Qd1 Qf6 41. Rh3 Ne2+ 42. Kh1 Qd4 43. Ng4 Qxd5 44. Qa4 Bb5 45. Qc2 Qe6 46. Rh4 Rc8 0-1

[ePGN "0.1;DGT LiveChess/2.2.3"]

[Event "15e Open International d'Echecs Mont de Marsan"]
[Site "Mont de Marsan, France"]
[Date "????.??.??"]
[Round "8.1"]
[White "PRIE, ERIC"]
[Black "JEREZ PEREZ, ALFONSO"]
[Result "1/2-1/2"]
[TimeControl "60 minutes + 30 secondes per move"]
[WhiteTitle "GM"]
[BlackTitle "IM"]
[WhiteElo "2482"]
[BlackElo "2418"]

1. d4 Nf6 2. Bf4 g6 3. Nc3 d5 4. e3 Bg7 5. h4 O-O 6. h5 Nxh5 7. Rxh5 gxh5 8. Qxh5 e6 9. Qh2 Na6 10.
Bxa6 bxa6 11. Bxc7 Qd7 12. O-O-O f6 13. Bf4 Bb7 14. Nge2 Rf7 15. g4 Bf8 16. g5 fxg5 17. Bxg5 Rg7 18.
Bf4 Rd8 19. Ng3 Bd6 20. Nh5 Rg6 21. Ne2 Qe7 22. Rh1 Bc6 23. Bxd6 Rxd6 24. Nef4 Rg5 25. Nd3 Be8 26. Nf6+ Qxf6 27.
Qxd6 Bg6 28. Nf4 Be4 29. Qb8+ Kg7 30. Qxa7+ Kh8 31. Re1 h5 32. Qxa6 h4 33. Qe2 Bg2 34. Rg1 h3 35. Nxh3 Bxh3 36.
Rxg5 Qxg5 37. a4 Bf5 38. b3 Qd8 39. Kb2 Qb6 40. Qb5 Qc7 41. Qc5 Qb7 42. a5 Kg7 43. Ka3 Kf7 44. b4 Qa6 45.
Qc7+ Kg6 46. Qg3+ Kf7 47. Qc7+ Kg6 48. Kb2 Qe2 49. Qc6 Qd2 50. Qc5 Bd3 51. b5 Bc4 52. a6 Qa5 53. a7 Qa2+ 54.
Kc1 Qa1+ 55. Kd2 Qa5+ 56. Kc1 Qa1+ 57. Kd2 Qa5+ 1/2-1/2

[Event "15e Open International d'Echecs Mont de Marsan"]
[Site "Mont de Marsan, France"]
[Date "????.??.??"]
[Round "8.2"]
[White "BOGDANOV, EGOR"]
[Black "PENG LI, MIN"]
[Result "1/2-1/2"]
[TimeControl "60 minutes + 30 secondes per move"]
[WhiteTitle "IM"]
[BlackTitle "IM"]
[WhiteElo "2410"]
[BlackElo "2442"]

1. c4 Nf6 2. Nc3 g6 3. e4 d6 4. d4 Bg7 5. Nf3 O-O 6. Be2 e5 7. O-O Nc6 8. d5 Ne7 9. Ne1 Nd7 10.
Be3 f5 11. f3 f4 12. Bf2 g5 13. Nd3 Ng6 14. c5 Nf6 15. Rc1 Rf7 16. b4 h5 17. Qb3 g4 18. cxd6 cxd6 19. Nb5 a6 20. Nc7 Rxc7 21. Bb6 Ne8 22.
Rxc7 Nxc7 23. Qc4 Qh4 24. Qxc7 Bf8 25. Qd8 Qxd8 26. Bxd8 Bd7 27. Bb6 Rc8 28. Rc1 Rxc1+ 29. Nxc1 Kf7 30. Nb3 Ke8 31. Na5 Bc8 32.
Nc4 g3 33. Ba5 1/2-1/2

[Event "15e Open International d'Echecs Mont de Marsan"]
[Site "Mont de Marsan, France"]
[Date "????.??.??"]
[Round "8.3"]
[White "BERNAL MORO, LUIS JAVIER"]
[Black "JACKSON, THOMAS"]
[Result "1-0"]
[TimeControl "60 minutes + 30 secondes per move"]
[WhiteTitle "IM"]
[WhiteElo "2418"]
[BlackElo "2121"]

1. c4 Nf6 2. Nc3 e6 3. e4 c5 4. Nf3 Nc6 5. Be2 d5 6. e5 Ng4 7. cxd5 exd5 8. Bb5 d4 9. Ne4 Qd5 10.
Qe2 d3 11. Nc3 Qe6 12. Qe4 Bd7 13. O-O O-O-O 14. Re1 Na5 15. Ng5 Qe7 16. Bxd7+ Qxd7 17. e6 Qd4 18. Qxd4 cxd4 19. Nce4 f5 20.
Ng3 Be7 21. Nf7 g6 22. Nxh8 Rxh8 23. b3 Nc6 24. Bb2 Rd8 25. f3 Nf6 26. Nh1 Nd5 27. Nf2 Ndb4 28. Ba3 Bg5 29. Bxb4 Nxb4 30.
Red1 Re8 31. a3 Nd5 32. Nxd3 Rxe6 33. Rac1+ Kd8 34. Rc4 Bf6 35. Kf2 Nb6 36. Rc2 Be7 37. a4 Rc6 38. Rdc1 Kc7 39.
Ne5 Rxc2 40. Rxc2+ Kd6 41. Nc4+ Kd7 42. Nxb6+ axb6 43. Ke2 1-0

[ePGN "0.1;DGT LiveChess/2.2.3"]

[Event "15e Open International d'Echecs Mont de Marsan"]
[Site "Mont de Marsan, France"]
[Date "????.??.??"]
[Round "9.1"]
[White "PRIE, ERIC"]
[Black "BERNAL MORO, LUIS JAVIER"]
[Result "0-1"]
[TimeControl "60 minutes + 30 secondes per move"]
[WhiteTitle "GM"]
[BlackTitle "IM"]
[WhiteElo "2482"]
[BlackElo "2418"]

1. d4 Nf6 2. Bf4 g6 3. Nc3 d5 4. e3 Bg7 5. h4 h5 6. Nf3 O-O 7. Qd2 c5 8. Ne5 cxd4 9. exd4 Nc6 10. f3 Nd7 11.
Nxd5 Ndb8 12. Nb4 Nxd4 13. O-O-O a5 14. Qxd4 Qxd4 15. Rxd4 axb4 16. Rxb4 Rxa2 17. Kb1 Ra7 18. Be3 Ra8 19.
Rb5 Nc6 20. Nxc6 bxc6 21. Rb6 Be6 22. Ba6 Rfb8 23. Rxb8+ Rxb8 24. Bc1 Rb6 25. Be2 c5 26. Rd1 c4 27. Rd8+ Kh7 28. Ka1 Rb7 29. Ra8 c3 30. b3 Bf5 31. Ra2 Rb6 32. Ra6 Rxa6+ 33. Bxa6 Bxc2 34. Bc4 f5 35. b4 Bd4 36. b5 e5 37. Ka2 e4 38. Bf4 Bd1 39. fxe4 fxe4 40. Bb3 c2 41. b6 Bxb6 42.
Kb2 e3 43. Bxc2 e2 44. Bd2 Bf2 45. g4 Bxc2 46. Kxc2 hxg4 0-1